 Dungeon Crawl Stone Soup version bcrawl-1.19-7-g22fd707d3b (webtiles) character file.

Game seed: 5884008721757788892

359 Freyura the Skirmisher (level 6, 0/48 HPs)
             Began as a Demonspawn Fighter on Nov 17, 2019.
             Slain by an orc
             ... wielding a +0 flail
              (2 damage)
             ... on level 3 of the Dungeon.
             The game lasted 00:11:56 (2697 turns).

Freyura the Skirmisher (Demonspawn Fighter)         Turns: 2697, Time: 00:11:57

Health: 0/48       AC: 19    Str: 16    XL:     6   Next: 37%
Magic:  6/6        EV:  8    Int:  9    God:
Gold:   235        SH: 10    Dex: 15    Spells: 5/5 levels left

rFire    . . .     SeeInvis .   a - +0 long sword
rCold    . . .     Gourm    .   c - +0 shield
rNeg     . . .     Faith    .   b - +0 scale mail
rPois    .         Spirit   .   (no helmet)
rElec    .         Reflect  .   (no cloak)
rCorr    .         Harm     .   (no gloves)
MR       .....                  p - +2 pair of boots
Stlth    ..........             (no amulet)
HPRegen  0.16/turn              (no ring)
MPRegen  0.10/turn              (no ring)

@: sanguine armour
A: powered by death 1, sanguine armour 2
a: no special abilities


You were on level 3 of the Dungeon.
You were hungry.

You visited 1 branch of the dungeon, and saw 3 of its levels.

You collected 235 gold pieces.

Inventory:

Hand Weapons
 a - a +0 long sword (weapon)
Armour
 b - a +0 scale mail (worn)
 c - a +0 shield (worn)
 p - a +2 pair of boots (worn)
 s - a +0 chain mail
Scrolls
 e - 3 scrolls of teleportation
 i - a scroll of noise {unknown}
 l - 2 scrolls of identify
 n - a scroll of enchant weapon {unknown}
 o - 3 scrolls of fog {unknown}
 q - 2 scrolls of remove curse
Potions
 g - a potion of flight {unknown}
 h - 2 potions of haste
 j - a potion of ambrosia {unknown}
 k - a potion of heal wounds {unknown}
 m - 2 potions of curing
 r - a potion of lignification {unknown}
Comestibles
 f - 8 rations {!d}


   Skills:
 + Level 3.9 Fighting
 * Level 3.8 Long Blades
 + Level 3.6 Armour
 + Level 2.1 Dodging
 + Level 3.6 Shields


You had 5 spell levels left.
You didn't know any spells.
Your spell library contained the following spells:

 Spells                   Type           Power        Failure   Level  Hunger
 Beastly Appendage        Tmut           #.....       99%         1    ##.....
 Sticks to Snakes         Tmut           #.......     100%        2    ###....
 Spider Form              Tmut/Pois      #..          100%        3    ####...
 Ice Form                 Ice/Tmut       #.......     100%        4    #####..
 Blade Hands              Tmut           #.........   100%        5    ######.


Dungeon Overview and Level Annotations

Branches:
Dungeon (3/12)

Altars:
Cheibriados
Kikubaaqudgha


Innate Abilities, Weirdness & Mutations

You regenerate a little health from kills.
When seriously injured, your bleeding wounds create thick armour. (AC +9)


Message History

You are too injured to fight recklessly!
You are too injured to fight recklessly!
You are too injured to fight recklessly!
You are too injured to fight recklessly!
The giant cockroach bites you but does no damage.
You block the orc's attack.
Found a snail-covered altar of Cheibriados.
You see here a +0 hand axe.
You hit the orc priest.
The orc priest is almost dead.
You block the giant cockroach's attack.
The orc priest invokes the aid of Beogh against you.
Beogh smites you!
* * * LOW HITPOINT WARNING * * *
You block the orc's attack.
You hit the orc priest.
You kill the orc priest!
The giant cockroach bites you but does no damage. x2
The orc hits you with a +0 flail.
You die...

...>.# #..# ##### .###.#
#..# # ..##.# #..# #
.....# ## #..# ## ..####
..## #..# ####. .##
....# #..###.... .#
..... #......#.. ##
.#....#########.####....
.#
...#..#@...).......####.
##
......)so.)#######......
## ......'....# ######.
.# ...#..#...## #. .#
.#....##### #† .# ....._
#. .### ....# #. ...###
..## ########## #.
.....### # #...(....###
#.


You could see an orc and a giant cockroach.

Vanquished Creatures
  A phantom (D:3)
  A hound (D:3)
  2 orc priests (D:3)
  Terence (D:3)
  5 adders (D:3)
  4 worms (D:2)
  A dart slug (D:1)
  4 leopard geckos
  8 orcs
  2 ball pythons
  10 bats
  2 giant cockroaches
  8 goblins
  8 hobgoblins
  8 jackals
  3 quokkas (D:2)
  6 frilled lizards
  11 kobolds
  6 rats
91 creatures vanquished.

Notes
Turn   | Place    | Note
-------+----------+-------------------------------------------
     0 | D:1      | Freyura the Demonspawn Fighter began the quest for the Orb.
     0 | D:1      | Reached XP level 1. HP: 18/18 MP: 1/1
    92 | D:1      | Gained mutation: When seriously injured, your bleeding
                  | wounds create armour. (AC +9) [demonic ancestry]
    92 | D:1      | Reached XP level 2. HP: 22/24 MP: 2/2
   681 | D:2      | Reached skill level 1 in Dodging
   702 | D:2      | Reached XP level 3. HP: 16/29 MP: 3/3
  1467 | D:2      | Gained mutation: When seriously injured, your bleeding
                  | wounds create thick armour. (AC +9) [demonic ancestry]
  1467 | D:2      | Reached XP level 4. HP: 32/35 MP: 4/4
  1854 | D:3      | Noticed a phantom
  1861 | D:3      | Found an ancient bone altar of Kikubaaqudgha.
  1926 | D:3      | Killed a phantom
  1926 | D:3      | Gained mutation: You regenerate a little health from kills.
                  | [demonic ancestry]
  1926 | D:3      | Reached XP level 5. HP: 25/41 MP: 5/5
  1972 | D:3      | Noticed Terence
  1982 | D:3      | Killed Terence
  2295 | D:3      | Reached XP level 6. HP: 43/48 MP: 6/6
  2695 | D:3      | Found a snail-covered altar of Cheibriados.
  2696 | D:3      | HP: 2/48 [orc priest/divine providence (16)]
  2697 | D:3      | Slain by an orc

Skill      XL: |  1  2  3  4  5 |
---------------+----------------+-----
Long Blades    | 2 3 |  3.8
Dodging        | 1 2 |  2.1
Armour         | 3 |  3.6
Shields        | 3 |  3.6
Fighting       | |  3.9

Action                   |  1- 3 |  4- 6 || total
-------------------------+-------+-------++-------
Melee: Long sword        |   227 |   203 ||   430
  Use: Scroll            |       |     4 ||     4
       Potion            |       |     1 ||     1
  Eat: Chunk             |     2 |     4 ||     6
Armor: Scale mail        |   125 |    78 ||   203
Dodge: Dodged            |    75 |    64 ||   139
Block: Shield            |   127 |   126 ||   253
